[Event "Berlin Championship 2024"]
[Site "Berlin"]
[Date "2024.03.31"]
[Round "2.7"]
[White "Poltorak, Sebastian"]
[Black "Yatskar, Martin"]
[Result "1-0"]
[ECO "D32"]
[WhiteElo "2392"]
[BlackElo "2066"]
[Annotator "RC"]
[PlyCount "119"]
[EventDate "2024.03.30"]
[EventType "swiss"]
[EventCountry "GER"]
[SourceTitle "playchess.com"]
[Source "ChessBase"]
[SourceQuality "1"]
[TimeControl "40/5400+30:1800+30"]

1. d4 d5 2. c4 e6 3. Nc3 c5 4. cxd5 exd5 5. Nf3 Nf6 6. Bg5 Be6 7. e3 c4 8. Bxf6 gxf6 9. a3 Qa5 10. g3 Nc6 11. Bg2 Be7 12. Ng1 f5 13. Nh3 Bd6 14. O-O Ne7 15. Qc2 h5 16. Nf4 Bxf4 17. gxf4 Ng6 18. Bh3 Rg8 19. Kh1 Ne7 20. Rg1 O-O-O 21. Qe2 h4 22. Qc2 Kb8 23. Ne2 b5 24. Rab1 a6 25. Rxg8 Rxg8 26. Ng1 Ka7 27. Nf3 b4 28. axb4 Qxb4 29. Ng1 Rb8 30. Ne2 Qb3 31. Qd2 Nc6 32. Bf1 Nb4 33. Nc1 Qc2 34. Qxc2 Nxc2 35. Be2 Bd7 36. Kg2 Rg8+ 37. Kf1 h3 38. Na2 Rb8 39. Nc3 Bc6 40. Bh5 Rb7 41. Bd1 Nb4 42. Ke2 f6 43. b3 a5 44. Kd2 Nd3 45. Bc2 Nxf2 46. bxc4 Rxb1 47. Bxb1 dxc4 48. Bxf5 Bg2 49. d5 Kb6 50. d6 Bc6 51. Ke2 Nd3 52. Bxh3 Nb4 53. Be6 a4 54. h4 a3 55. h5 a2 56. Nxa2 Nxa2 57. h6 Be4 58. f5 c3 59. Bxa2 Bxf5 60. Bg8 1-0

[Event "Berlin Championship 2024"]
[Site "Berlin"]
[Date "2024.03.31"]
[Round "2.8"]
[White "Jahnz, Laurin"]
[Black "Thiede, Lars"]
[Result "1-0"]
[ECO "B11"]
[WhiteElo "2051"]
[BlackElo "2388"]
[Annotator "RC"]
[PlyCount "161"]
[EventDate "2024.03.30"]
[EventType "swiss"]
[EventCountry "GER"]
[SourceTitle "playchess.com"]
[Source "ChessBase"]
[SourceQuality "1"]
[TimeControl "40/5400+30:1800+30"]

1. e4 c6 2. Nc3 d5 3. Nf3 dxe4 4. Nxe4 Nf6 5. Qe2 Nxe4 6. Qxe4 Qd5 7. Qh4 Bf5 8. Bc4 Qd6 9. d3 e6 10. Bf4 Qc5 11. g4 Be4 12. dxe4 Qxc4 13. O-O-O Na6 14. a3 Be7 15. Qg3 Nc5 16. Nd2 Qa2 17. Qc3 Qa1+ 18. Nb1 Nxe4 19. Qd4 Nf6 20. g5 Rd8 21. Qxa7 Nd5 22. Qxb7 O-O 23. Rxd5 cxd5 24. Qxe7 Rc8 25. Be5 Rc6 26. Rd1 Rfc8 27. Bc3 Rxc3 28. bxc3 Rb8 29. Kd2 g6 30. h4 Rxb1 31. Rxb1 Qxb1 32. Qb4 Qf1 33. Qd4 Qa6 34. a4 Qa5 35. Qb4 Qa7 36. Ke1 e5 37. a5 d4 38. Qb6 Qa8 39. cxd4 Qe4+ 40. Kd2 Qf4+ 41. Kd3 Qf3+ 42. Kc4 Qe2+ 43. Kb3 exd4 44. Qd8+ Kg7 45. Qxd4+ Kg8 46. Qb6 Qe1 47. Ka2 Qe2 48. Kb3 Qe1 49. Qd8+ Kg7 50. Qf6+ Kg8 51. a6 Qb1+ 52. Qb2 Qe1 53. Qa2 Qxf2 54. Qa5 Qe3+ 55. Ka2 Qe4 56. Qd8+ Kg7 57. Qd3 Qa4+ 58. Kb2 h5 59. gxh6+ Kxh6 60. Qe3+ Kh7 61. Qb6 Qxh4 62. a7 Qe4 63. Qb8 Qd4+ 64. Kb3 Qd5+ 65. c4 Qd3+ 66. Kb4 Qd2+ 67. Kc5 Qe3+ 68. Kc6 Qe6+ 69. Kb5 Qd7+ 70. Ka5 Qd2+ 71. Qb4 Qa2+ 72. Kb6 Qg2 73. c5 Qa8 74. c6 Qd8+ 75. c7 Qc8 76. Qh4+ Kg7 77. Qd4+ Kh7 78. Qf6 Qf8 79. Qh4+ Kg7 80. Kb7 Qc5 81. Qh8+ 1-0

[Event "Berlin Championship 2024"]
[Site "Berlin"]
[Date "2024.04.01"]
[Round "3.1"]
[White "Polzin, Rainer"]
[Black "Lagunow, Raphael"]
[Result "0-1"]
[ECO "B30"]
[WhiteElo "2401"]
[BlackElo "2421"]
[Annotator "ChessBase"]
[PlyCount "76"]
[EventDate "2024.03.30"]
[EventType "swiss"]
[EventCountry "GER"]
[SourceTitle "playchess.com"]
[Source "ChessBase"]
[SourceQuality "1"]
[TimeControl "40/5400+30:1800+30"]

1. e4 c5 2. Nc3 Nc6 3. Bb5 Nd4 4. Nf3 e6 5. O-O a6 6. Bd3 Nc6 7. Re1 g5 8. Kh1 g4 9. Ng1 h5 10. f4 Qc7 11. Rf1 b5 12. b3 Bb7 13. Bb2 Rh6 14. Qe2 d6 15. a4 b4 16. Nd1 Nf6 17. Ne3 Nd4 18. Bxd4 cxd4 19. Nc4 d5 20. exd5 Bxd5 21. Ne5 Bd6 22. Rae1 Kf8 23. Bc4 Bb7 24. d3 h4 25. Nxg4 Nxg4 26. Qxg4 Rg6 27. Qxg6 fxg6 28. Rxe6 Kg7 29. f5 Rf8 30. Rxg6+ Kh7 31. Be6 Qxc2 32. Nh3 Be7 33. Nf4 h3 34. Kg1 hxg2 35. Nxg2 Bd6 36. Rg4 Qe2 37. Rh4+ Kg7 38. Nf4 Bxf4 0-1

[Event "Berlin Championship 2024"]
[Site "Berlin"]
[Date "2024.04.01"]
[Round "3.2"]
[White "Baldauf, Marco"]
[Black "Lagunow, Alexander"]
[Result "1/2-1/2"]
[ECO "D47"]
[WhiteElo "2481"]
[BlackElo "2350"]
[Annotator "TA"]
[PlyCount "131"]
[EventDate "2024.03.30"]
[EventType "swiss"]
[EventCountry "GER"]
[SourceTitle "playchess.com"]
[Source "ChessBase"]
[SourceQuality "1"]
[TimeControl "40/5400+30:1800+30"]

1. d4 d5 2. c4 c6 3. Nc3 Nf6 4. e3 e6 5. Nf3 Nbd7 6. Bd3 dxc4 7. Bxc4 b5 8. Bd3 b4 9. Na4 c5 10. O-O Bb7 11. Bd2 {[%emt 0:11:46] D47: Semi-Slav: Meran System.} Ne4 $146 ({Predecessor:} 11... a6 12. Rc1 Rc8 13. Qe2 Qa5 14. b3 Be7 15. a3 cxd4 16. Rxc8+ Bxc8 17. Nxd4 Bb7 18. Rc1 Qd5 {½-½ Schwenke,M (1954)-Schriewer,T (1948) Ruhrgebiet Verbandsliga2 1011 2010 (6.7)}) 12. dxc5 Nexc5 13. Bb5 a6 14. Nxc5 Bxc5 15. Ba4 O-O 16. Bxb4 Bxf3 17. gxf3 (17. Qxd7 $2 $19 {perishes.}) 17... Qh4 18. Bxd7 Qxb4 (18... Bxb4 $5 19. Qa4 a5 $11) 19. Qe2 Rad8 20. Rfd1 Bd6 21. Bc6 Be5 22. Qxa6 (22. Rxd8 $14 Rxd8 23. Qxa6) 22... Qxb2 23. Rab1 (23. a4 {simplifies} Qb4 24. Rxd8 Rxd8 25. Rc1) 23... Qc2 24. Qa4 Qg6+ 25. Kh1 Qh5 26. f4 Bd6 27. Be4 g6 28. Rg1 Qh4 29. Qc2 Ba3 30. Rb3 Qe7 31. Rb7 Rd7 32. Rxd7 Qxd7 33. Rd1 Qe7 34. Rb1 Qd6 35. Qc3 (35. Qd3 {simplifies} Qxd3 36. Bxd3 Ra8 37. Kg2) 35... Rd8 36. Kg2 Qa6 37. Qf6 Qa5 38. Rb7 Rf8 39. Qe5 (39. Qd4 {feels hotter.} Bc5 40. Qe5 Rd8 41. Bf3) 39... Qxe5 40. fxe5 Rc8 41. Rb3 Be7 42. f4 Rc4 43. Kf3 Ra4 44. Bb1 Rb4 45. Rxb4 Bxb4 46. a4 Ba5 47. Ke4 Bb6 48. Bd3 Ba5 49. Bb5 Bb6 50. h3 Ba5 51. Kd3 Bb6 52. Bc6 Kf8 53. Bf3 Ke7 54. Be2 f6 55. exf6+ Kxf6 56. Bg4 Ke7 57. h4 h5 58. Bf3 Ba5 59. Be4 Kf6 60. Ke2 Bb6 61. Bc6 Bc7 (61... e5 $11) 62. Be8 $16 Kg7 {[%emt 0:00:00] [#]} 63. Kf3 $1 Bd8 64. Kg3 Ba5 {[%emt 0:00:00] [#]} 65. Kf2 ({Better is} 65. e4 $1 $16) 65... Bd8 66. Kg3 (66. Kf3 $14 {is superior.}) 1/2-1/2

[Event "Berlin Championship 2024"]
[Site "Berlin"]
[Date "2024.04.01"]
[Round "3.3"]
[White "Schmidek, Emil"]
[Black "Klenburg, Michael"]
[Result "1-0"]
[ECO "E94"]
[WhiteElo "2439"]
[BlackElo "2328"]
[Annotator "RC"]
[PlyCount "125"]
[EventDate "2024.03.30"]
[EventType "swiss"]
[EventCountry "GER"]
[SourceTitle "playchess.com"]
[Source "ChessBase"]
[SourceQuality "1"]
[TimeControl "40/5400+30:1800+30"]

1. d4 d6 2. Nf3 Nf6 3. c4 g6 4. Nc3 Bg7 5. e4 O-O 6. Be2 e5 7. O-O Nbd7 8. Be3 c6 9. d5 c5 10. a4 Ne8 11. a5 Nc7 12. g4 Na6 13. h3 Nb4 14. Qd2 b6 15. Ra3 a6 16. Kh2 bxa5 17. Rg1 Nb6 18. Raa1 Ra7 19. Rg3 Kh8 20. Rag1 a4 21. h4 f6 22. h5 g5 23. Ra1 Bd7 24. Rgg1 Rf7 25. Kg3 h6 26. Nh2 Be8 27. Ra3 Rfb7 28. Rga1 Bd7 29. f3 Ra8 30. Nf1 Rab8 31. Qc1 Qe8 32. Bf2 Bf8 33. Ne3 Kh7 34. Qd2 Be7 35. Be1 Bd8 36. Bd1 Bc7 37. Qe2 Qf8 38. Qd2 Qe8 39. Qe2 Qf8 40. Nxa4 Nxa4 41. Bxa4 Bxa4 42. Rxa4 a5 43. Nd1 Qd8 44. Bc3 Qe8 45. Nf2 Qd8 46. Nd3 Bb6 47. Nc1 Bc7 48. Qd1 Kg7 49. R1a3 Bb6 50. Nb3 Ra7 51. Ra1 Rc8 52. Qe2 Qc7 53. Kh3 Qd8 54. Bxb4 cxb4 55. c5 Bxc5 56. Nxa5 Qe8 57. Nc6 Rb7 58. b3 Qd7 59. Ra8 Rxa8 60. Rxa8 Qc7 61. Nd8 Qb6 62. Nxb7 Qxb7 63. Qa6 1-0

[Event "Berlin Championship 2024"]
[Site "Berlin"]
[Date "2024.04.01"]
[Round "3.4"]
[White "Hesse, Henrik"]
[Black "Poltorak, Sebastian"]
[Result "1/2-1/2"]
[ECO "A29"]
[WhiteElo "2312"]
[BlackElo "2392"]
[Annotator "RC"]
[PlyCount "90"]
[EventDate "2024.03.30"]
[EventType "swiss"]
[EventCountry "GER"]
[SourceTitle "playchess.com"]
[Source "ChessBase"]
[SourceQuality "1"]
[TimeControl "40/5400+30:1800+30"]

1. c4 e5 2. g3 Nf6 3. Bg2 d5 4. cxd5 Nxd5 5. Nc3 Nb6 6. Nf3 Nc6 7. d3 Be7 8. O-O O-O 9. a3 Re8 10. Be3 Bf8 11. Rc1 Nd4 12. Bxd4 exd4 13. Ne4 c6 14. Re1 Bg4 15. Nc5 Bxc5 16. Rxc5 Nd7 17. Rc1 Bxf3 18. Bxf3 Ne5 19. Bg2 Qd6 20. e3 dxe3 21. Rxe3 Re7 22. d4 Ng6 23. Rxe7 Nxe7 24. Qb3 Qd7 25. Re1 Rd8 26. Qb4 Nc8 27. Qc5 g6 28. Qe5 Nd6 29. d5 c5 30. Qf6 Re8 31. Rxe8+ Nxe8 32. Qe5 Nd6 33. h4 h5 34. Kh2 Qd8 35. f4 b5 36. Qe3 Qc7 37. Qe5 a5 38. f5 gxf5 39. Bf3 c4 40. Bxh5 b4 41. axb4 axb4 42. Bd1 Qc5 43. Kh3 Qf2 44. Qxd6 Qf1+ 45. Kh2 Qf2+ 1/2-1/2

[Event "Berlin Championship 2024"]
[Site "Berlin"]
[Date "2024.04.01"]
[Round "3.5"]
[White "Florstedt, Johannes"]
[Black "Jahnz, Laurin"]
[Result "0-1"]
[ECO "B31"]
[WhiteElo "2348"]
[BlackElo "2051"]
[Annotator "RC"]
[PlyCount "108"]
[EventDate "2024.03.30"]
[EventType "swiss"]
[EventCountry "GER"]
[SourceTitle "playchess.com"]
[Source "ChessBase"]
[SourceQuality "1"]
[TimeControl "40/5400+30:1800+30"]

1. e4 c5 2. Nf3 Nc6 3. Bb5 Nf6 4. Bxc6 dxc6 5. d3 g6 6. O-O Bg7 7. a4 a5 8. Nbd2 O-O 9. Nc4 Bg4 10. h3 Bxf3 11. Qxf3 Nd7 12. Qg3 e5 13. f4 b5 14. Nxe5 Nxe5 15. fxe5 c4 16. Be3 cxd3 17. Bc5 Re8 18. Bd6 Qb6+ 19. Kh1 bxa4 20. cxd3 Qd4 21. Qf3 Ra7 22. Rac1 Qxb2 23. Bc5 Rb7 24. d4 Rd8 25. Qd3 Qb3 26. Rc3 Qe6 27. Qa6 Rb3 28. Qxa5 Rc8 29. Bd6 Rxc3 30. Qxc3 Bf8 31. Rf6 Qb3 32. Qf3 Qxf3 33. Rxf3 Bxd6 34. exd6 Ra8 35. Ra3 Kf8 36. Kg1 Ke8 37. Kf2 Kd7 38. e5 Ke6 39. Ke3 f6 40. Kf4 fxe5+ 41. dxe5 Rf8+ 42. Kg5 Kxe5 43. Kh6 Rf7 44. Rd3 Rd7 45. Rd1 c5 46. h4 c4 47. g4 Ke4 48. Ra1 c3 49. Rxa4+ Kd3 50. Ra1 c2 51. Rh1 Kd2 52. Rh2+ Kc3 53. Rh1 Kb2 54. h5 gxh5 0-1

[Event "Berlin Championship 2024"]
[Site "Berlin"]
[Date "2024.04.01"]
[Round "3.6"]
[White "Muse, Drazen"]
[Black "Foerster, Jonas"]
[Result "1-0"]
[ECO "A07"]
[WhiteElo "2316"]
[BlackElo "2238"]
[Annotator "RC"]
[PlyCount "151"]
[EventDate "2024.03.30"]
[EventType "swiss"]
[EventCountry "GER"]
[SourceTitle "playchess.com"]
[Source "ChessBase"]
[SourceQuality "1"]
[TimeControl "40/5400+30:1800+30"]

1. Nf3 Nf6 2. g3 e6 3. Bg2 Be7 4. O-O O-O 5. d3 d5 6. Nc3 Na6 7. a3 c6 8. Re1 h6 9. Bd2 d4 10. Nb1 Qb6 11. Bc1 Rd8 12. Nbd2 c5 13. Nc4 Qb5 14. a4 Qe8 15. c3 dxc3 16. bxc3 Nd5 17. Bd2 Bf6 18. Qc2 e5 19. Reb1 Rb8 20. Bc1 Bg4 21. Nfd2 Qe6 22. Ne4 Be7 23. f3 Bf5 24. Nf2 Ndc7 25. e4 Bg6 26. Bh3 Qf6 27. Ng4 Qc6 28. Ngxe5 Qe8 29. Nxg6 fxg6 30. Be3 Kh7 31. f4 g5 32. f5 Bf6 33. Re1 b5 34. axb5 Rxb5 35. Bf2 Qh5 36. Bg2 g4 37. Ra2 Be7 38. Qe2 Rb3 39. Rc2 Nb5 40. Rec1 Bg5 41. Be3 Na3 42. Nxa3 Rxa3 43. e5 c4 44. d4 Bxe3+ 45. Qxe3 Nb4 46. Rd2 Nd3 47. Rxd3 cxd3 48. Qxd3 Kh8 49. d5 Qg5 50. Rc2 Ra1+ 51. Bf1 Re1 52. Re2 Qc1 53. Rxe1 Qxe1 54. Qd4 Rb8 55. f6 Rb1 56. fxg7+ Kg8 57. Qf4 Kxg7 58. Qxg4+ Kh8 59. Qc8+ Kg7 60. Qd7+ Kg8 61. Qe8+ Kg7 62. Qe7+ Kg8 63. Qe6+ Kg7 64. Qf6+ Kg8 65. Qg6+ Kf8 66. Qxh6+ Ke8 67. Qe6+ Kd8 68. Qf6+ Kc8 69. d6 a5 70. Qe6+ Kb8 71. Qe8+ Ka7 72. Qf7+ Rb7 73. Qf4 Qxc3 74. Qf2+ Kb8 75. e6 Rb2 76. e7 1-0

[Event "Berlin Championship 2024"]
[Site "Berlin"]
[Date "2024.04.01"]
[Round "3.7"]
[White "Eilenberg, Jonas"]
[Black "Syre, Christian"]
[Result "1/2-1/2"]
[ECO "B23"]
[WhiteElo "2303"]
[BlackElo "2128"]
[Annotator "RC"]
[PlyCount "109"]
[EventDate "2024.03.30"]
[EventType "swiss"]
[EventCountry "GER"]
[SourceTitle "playchess.com"]
[Source "ChessBase"]
[SourceQuality "1"]
[TimeControl "40/5400+30:1800+30"]

1. e4 c5 2. Nc3 Nc6 3. Bb5 Nd4 4. Nf3 g6 5. Nxd4 cxd4 6. Ne2 Bg7 7. c3 dxc3 8. dxc3 Nf6 9. Qc2 O-O 10. O-O d5 11. exd5 Qxd5 12. Qa4 a6 13. Bc4 Qd7 14. Qxd7 Bxd7 15. Rd1 Rac8 16. Bb3 Bb5 17. Ng3 Rfd8 18. Be3 h5 19. Bg5 Kf8 20. f3 Ke8 21. Re1 Bc4 22. Ne4 Nxe4 23. Rxe4 Bxb3 24. axb3 Rd7 25. Rae1 e6 26. b4 Rd5 27. Bf4 Ke7 28. Kf2 Rc6 29. R4e2 Kd7 30. Rd2 Rxd2+ 31. Bxd2 Rd6 32. Bf4 e5 33. Be3 b5 34. Ke2 Kc6 35. Ra1 Kb7 36. h3 f5 37. Rg1 Kc6 38. g4 fxg4 39. hxg4 hxg4 40. Rxg4 Kd5 41. b3 Rf6 42. Rg1 Bf8 43. Ra1 Rc6 44. Kd3 Ke6 45. Rh1 Be7 46. Rh7 Rd6+ 47. Ke2 Rc6 48. Bd2 Bf6 49. Kd3 Rd6+ 50. Kc2 Rc6 51. Rh1 Kf5 52. Rg1 Be7 53. Rg4 Rc8 54. c4 Rh8 55. Rg2 1/2-1/2

[Event "Berlin Championship 2024"]
[Site "Berlin"]
[Date "2024.04.01"]
[Round "3.8"]
[White "Noetzel, Felix"]
[Black "Dubessay, Bastien"]
[Result "0-1"]
[ECO "B15"]
[WhiteElo "2172"]
[BlackElo "2255"]
[Annotator "RC"]
[PlyCount "68"]
[EventDate "2024.03.30"]
[EventType "swiss"]
[EventCountry "GER"]
[SourceTitle "playchess.com"]
[Source "ChessBase"]
[SourceQuality "1"]
[TimeControl "40/5400+30:1800+30"]

1. e4 c6 2. d4 d5 3. Nc3 dxe4 4. Nxe4 Nf6 5. Nxf6+ exf6 6. c3 Bd6 7. Bd3 O-O 8. Ne2 Re8 9. O-O Na6 10. Ng3 Nc7 11. c4 g6 12. Be3 f5 13. Qd2 Qh4 14. f4 a5 15. Qf2 a4 16. a3 b5 17. Rac1 bxc4 18. Bxc4 Ba6 19. Bd2 Reb8 20. Qf3 Rxb2 21. Qxc6 Qd8 22. Bxa6 Rxa6 23. Qc3 Bxa3 24. Qxc7 Qxc7 25. Rxc7 Rxd2 26. Rb1 Bb2 27. Nf1 Bxd4+ 28. Kh1 Rb2 29. Rd1 Bb6 30. Rcc1 a3 31. Nd2 a2 32. Nc4 Rc2 33. Rxc2 a1=Q 34. Rcc1 Qa4 0-1

[Event "Berlin Championship 2024"]
[Site "Berlin"]
[Date "2024.04.02"]
[Round "4.1"]
[White "Lagunow, Raphael"]
[Black "Schmidek, Emil"]
[Result "1-0"]
[ECO "E10"]
[WhiteElo "2421"]
[BlackElo "2439"]
[Annotator "RC"]
[PlyCount "49"]
[EventDate "2024.03.30"]
[EventType "swiss"]
[EventCountry "GER"]
[SourceTitle "playchess.com"]
[Source "ChessBase"]
[SourceQuality "1"]
[TimeControl "40/5400+30:1800+30"]

1. d4 Nf6 2. Nf3 e6 3. c4 a6 4. g3 b5 5. b3 Bb7 6. Bg2 c5 7. d5 exd5 8. Nh4 Ne4 9. cxd5 Nxf2 10. Kxf2 Qf6+ 11. Bf4 Qxa1 12. Qc2 Qf6 13. Nc3 Qb6 14. Rd1 d6 15. Bh3 Qc7 16. Ne4 a5 17. Nf5 Ra6 18. Qb2 f6 19. Nxf6+ Kf7 20. Ne4 Bc8 21. Nexd6+ Rxd6 22. Bxd6 Qd8 23. Qe5 Na6 24. Bxf8 Qxf8 25. Kg2 1-0

[Event "Berlin Championship 2024"]
[Site "Berlin"]
[Date "2024.04.02"]
[Round "4.2"]
[White "Lagunow, Alexander"]
[Black "Jahnz, Laurin"]
[Result "0-1"]
[ECO "A90"]
[WhiteElo "2350"]
[BlackElo "2051"]
[Annotator "RC"]
[PlyCount "78"]
[EventDate "2024.03.30"]
[EventType "swiss"]
[EventCountry "GER"]
[SourceTitle "playchess.com"]
[Source "ChessBase"]
[SourceQuality "1"]
[TimeControl "40/5400+30:1800+30"]

1. c4 e6 2. Nf3 d5 3. d4 c6 4. Nbd2 f5 5. g3 Nf6 6. Bg2 Bd6 7. O-O O-O 8. b3 Ne4 9. Bb2 Qf6 10. Ne5 Nd7 11. Nxe4 dxe4 12. f4 exf3 13. Nxf3 e5 14. Kh1 Qe7 15. c5 Bc7 16. Qc2 e4 17. Nh4 g6 18. Qc4+ Rf7 19. Bh3 Nf6 20. Ng2 Nd5 21. Qc1 g5 22. Ne3 f4 23. Nxd5 cxd5 24. Bxc8 Rxc8 25. Qc3 fxg3 26. hxg3 Qe6 27. Kg2 Rcf8 28. Rxf7 Rxf7 29. Rf1 Rxf1 30. Kxf1 Qh3+ 31. Kf2 Qh2+ 32. Ke1 Bxg3+ 33. Kd1 Qg1+ 34. Kc2 Qf2 35. Kb1 Qe1+ 36. Qxe1 Bxe1 37. Bc1 g4 38. Kc2 g3 39. Kd1 Bf2 0-1

[Event "Berlin Championship 2024"]
[Site "Berlin"]
[Date "2024.04.02"]
[Round "4.3"]
[White "Muse, Drazen"]
[Black "Baldauf, Marco"]
[Result "1/2-1/2"]
[ECO "D24"]
[WhiteElo "2316"]
[BlackElo "2481"]
[Annotator "RC"]
[PlyCount "51"]
[EventDate "2024.03.30"]
[EventType "swiss"]
[EventCountry "GER"]
[SourceTitle "playchess.com"]
[Source "ChessBase"]
[SourceQuality "1"]
[TimeControl "40/5400+30:1800+30"]

1. d4 d5 2. c4 e6 3. Nf3 Nf6 4. Bg5 dxc4 5. Nc3 a6 6. e4 b5 7. a4 b4 8. Nb1 Be7 9. e5 Nd5 10. Bxe7 Qxe7 11. Bxc4 Bb7 12. Nbd2 Nd7 13. Nb3 N5b6 14. Be2 c5 15. O-O O-O 16. a5 Nd5 17. Rc1 Rac8 18. Qd2 h6 19. h4 Rc7 20. Rc2 Rfc8 21. Rfc1 Qf8 22. Rc4 cxd4 23. Rxc7 Rxc7 24. Rxc7 Nxc7 25. Qxd4 Nd5 26. Nfd2 1/2-1/2

[Event "Berlin Championship 2024"]
[Site "Berlin"]
[Date "2024.04.02"]
[Round "4.4"]
[White "Polzin, Rainer"]
[Black "Hesse, Henrik"]
[Result "1-0"]
[ECO "B43"]
[WhiteElo "2401"]
[BlackElo "2312"]
[Annotator "RC"]
[PlyCount "105"]
[EventDate "2024.03.30"]
[EventType "swiss"]
[EventCountry "GER"]
[SourceTitle "playchess.com"]
[Source "ChessBase"]
[SourceQuality "1"]
[TimeControl "40/5400+30:1800+30"]

1. e4 c5 2. Nf3 e6 3. d4 cxd4 4. Nxd4 a6 5. Nc3 b5 6. Bd3 Bb7 7. O-O Bc5 8. Nb3 Ba7 9. Qe2 b4 10. Nd1 Nc6 11. Be3 Bxe3 12. Nxe3 d6 13. Rad1 Nf6 14. Nc4 Qc7 15. f4 e5 16. Ne3 Ne7 17. Qe1 Qb6 18. Kh1 O-O 19. Nc4 Qc7 20. Qxb4 Nxe4 21. Nca5 Nc5 22. Nxc5 Bxg2+ 23. Kxg2 dxc5 24. Qb7 Qxa5 25. Qxe7 Rae8 26. Qh4 e4 27. Bc4 e3 28. Rfe1 Qa4 29. b3 Qc6+ 30. Kg1 Qg6+ 31. Kh1 Qe4+ 32. Kg1 Qg6+ 33. Qg3 Qxc2 34. Rd7 e2 35. Qf3 Qg6+ 36. Kf2 Qh6 37. Kg2 Qg6+ 38. Qg3 Qc6+ 39. Rd5 Re6 40. f5 Re4 41. Qd6 Qe8 42. Kf2 Re3 43. Rxe2 Rxe2+ 44. Bxe2 Qe4 45. Bf3 Qc2+ 46. Kg3 h6 47. f6 Qg6+ 48. Kf2 Re8 49. Qe7 Qc2+ 50. Be2 Rb8 51. Rd8+ Rxd8 52. Qxd8+ Kh7 53. Qd3+ 1-0

[Event "Berlin Championship 2024"]
[Site "Berlin"]
[Date "2024.04.02"]
[Round "4.5"]
[White "Poltorak, Sebastian"]
[Black "Dubessay, Bastien"]
[Result "1-0"]
[ECO "D35"]
[WhiteElo "2392"]
[BlackElo "2255"]
[Annotator "RC"]
[PlyCount "151"]
[EventDate "2024.03.30"]
[EventType "swiss"]
[EventCountry "GER"]
[SourceTitle "playchess.com"]
[Source "ChessBase"]
[SourceQuality "1"]
[TimeControl "40/5400+30:1800+30"]

1. d4 d5 2. c4 e6 3. Nc3 Nf6 4. cxd5 exd5 5. Bg5 c6 6. e3 h6 7. Bh4 Bf5 8. Qf3 Be6 9. Bxf6 Qxf6 10. Qxf6 gxf6 11. Bd3 a5 12. Nge2 a4 13. Kd2 a3 14. b3 Na6 15. Rac1 Nb4 16. Bb1 h5 17. h4 b5 18. Nf4 Bd6 19. Nd3 Rg8 20. g3 Nxd3 21. Bxd3 Bb4 22. Rc2 Kd7 23. Rhc1 Kd6 24. Ke2 Bg4+ 25. Kf1 Bh3+ 26. Kg1 Bxc3 27. Rxc3 Ra6 28. Rc5 Re8 29. Kh2 Bg4 30. Kg2 Rb6 31. Re1 Re7 32. f3 Be6 33. e4 Rb8 34. Kf2 Ra8 35. Rec1 Ra6 36. Ke3 Re8 37. Kf4 Bd7 38. R1c2 Rb6 39. Re2 b4 40. Ra5 Rbb8 41. Rc2 Ra8 42. Rac5 Rac8 43. Rg2 Rh8 44. Rg1 Rhe8 45. Rh1 Rg8 46. Rh2 Rge8 47. Bf1 Rg8 48. Bd3 Rge8 49. Rh1 Rg8 50. Re1 Rge8 51. Re2 Rh8 52. Ke3 Rhg8 53. Kf2 Rge8 54. Re3 Rh8 55. Ba6 Ra8 56. Bf1 Rac8 57. Re1 Rhe8 58. Bg2 Rb8 59. Rec1 dxe4 60. fxe4 Rb5 61. Bf3 Rxc5 62. Rxc5 Be6 63. Bxh5 Ra8 64. Bd1 Rg8 65. h5 Rh8 66. g4 Rh6 67. Kg3 Rh8 68. Kf4 Rd8 69. Ke3 Rh8 70. Ra5 Rg8 71. Kf4 Rd8 72. Ra7 Rb8 73. Bf3 Bd7 74. e5+ fxe5+ 75. dxe5+ Ke6 76. g5 1-0

[Event "Berlin Championship 2024"]
[Site "Berlin"]
[Date "2024.04.02"]
[Round "4.6"]
[White "Thiede, Lars"]
[Black "Yatskar, Martin"]
[Result "1-0"]
[ECO "C59"]
[WhiteElo "2388"]
[BlackElo "2066"]
[Annotator "RC"]
[PlyCount "133"]
[EventDate "2024.03.30"]
[EventType "swiss"]
[EventCountry "GER"]
[SourceTitle "playchess.com"]
[Source "ChessBase"]
[SourceQuality "1"]
[TimeControl "40/5400+30:1800+30"]

1. e4 e5 2. Nf3 Nc6 3. Bc4 Nf6 4. Ng5 d5 5. exd5 Na5 6. Bb5+ c6 7. dxc6 bxc6 8. Be2 h6 9. Nf3 e4 10. Ne5 Qd4 11. Ng4 Bxg4 12. Bxg4 Bc5 13. O-O h5 14. Be2 Qe5 15. d4 Bxd4 16. Bf4 Qxf4 17. Qxd4 O-O 18. Nc3 Rfe8 19. Rad1 Qe5 20. Rfe1 Rab8 21. b3 c5 22. Qxe5 Rxe5 23. Bb5 Re6 24. Ba4 Rbb6 25. g3 Re5 26. Rd8+ Kh7 27. f4 Ree6 28. Nd5 Nc6 29. Nxf6+ gxf6 30. Bxc6 Rbxc6 31. Rd5 Kh6 32. c4 Re7 33. Kg2 Kg6 34. f5+ Kh6 35. Kf2 Kg5 36. Ke3 a5 37. Rf1 a4 38. h4+ Kh6 39. Rc1 axb3 40. axb3 Kg7 41. Rc3 Kh7 42. Kd2 Kg7 43. Re3 Re5 44. Rc3 Re7 45. Rc2 Rb6 46. Rb2 Rc6 47. Ra2 Rb6 48. Ra3 e3+ 49. Ke2 Re5 50. Rxe5 fxe5 51. Kxe3 Kf6 52. Ke4 Rd6 53. Ra5 Rd4+ 54. Ke3 Rg4 55. Kf3 Kxf5 56. Rxc5 Rg8 57. b4 Ra8 58. Ra5 Rd8 59. b5 e4+ 60. Ke2 Kg4 61. b6 Kxg3 62. c5 f5 63. c6 f4 64. c7 f3+ 65. Ke3 Rf8 66. b7 f2 67. Ra1 1-0

[Event "Berlin Championship 2024"]
[Site "Berlin"]
[Date "2024.04.02"]
[Round "4.7"]
[White "Syre, Christian"]
[Black "Florstedt, Johannes"]
[Result "0-1"]
[ECO "A31"]
[WhiteElo "2128"]
[BlackElo "2348"]
[Annotator "RC"]
[PlyCount "72"]
[EventDate "2024.03.30"]
[EventType "swiss"]
[EventCountry "GER"]
[SourceTitle "playchess.com"]
[Source "ChessBase"]
[SourceQuality "1"]
[TimeControl "40/5400+30:1800+30"]

1. Nf3 c5 2. c4 Nf6 3. d4 cxd4 4. Nxd4 e5 5. Nb5 d5 6. cxd5 Bc5 7. e3 O-O 8. Be2 Nxd5 9. O-O a6 10. N5c3 Nf6 11. Bf3 Nc6 12. Nd2 Be6 13. Nde4 Nxe4 14. Bxe4 f5 15. Bd5 Bxd5 16. Nxd5 Kh8 17. b4 Bxb4 18. Nxb4 Nxb4 19. Ba3 a5 20. Rb1 Qe7 21. Qb3 f4 22. Bxb4 axb4 23. Qxb4 Qg5 24. exf4 exf4 25. f3 h6 26. Rf2 Qe5 27. Re1 Qd5 28. Rd2 Qc6 29. Rd6 Qa4 30. Qb2 Rfe8 31. Ra1 Rad8 32. Rxh6+ Kg8 33. Rb6 Rd1+ 34. Kf2 Rxa1 35. Qxa1 Qc2+ 36. Kf1 Qe2+ 0-1

[Event "Berlin Championship 2024"]
[Site "Berlin"]
[Date "2024.04.02"]
[Round "4.8"]
[White "Klenburg, Michael"]
[Black "Petersen, Marcel"]
[Result "1-0"]
[ECO "A07"]
[WhiteElo "2328"]
[BlackElo "2133"]
[Annotator "RC"]
[PlyCount "93"]
[EventDate "2024.03.30"]
[EventType "swiss"]
[EventCountry "GER"]
[SourceTitle "playchess.com"]
[Source "ChessBase"]
[SourceQuality "1"]
[TimeControl "40/5400+30:1800+30"]

1. g3 d5 2. Bg2 g6 3. Nf3 Bg7 4. O-O e5 5. d3 Ne7 6. Nbd2 O-O 7. e4 a5 8. a4 Nbc6 9. c3 h6 10. exd5 Nxd5 11. Re1 Bf5 12. Nb3 Re8 13. d4 exd4 14. Rxe8+ Qxe8 15. Nfxd4 Nxd4 16. Nxd4 Rd8 17. Qf1 Bc8 18. Bd2 c6 19. Nb3 b6 20. Nd4 Qd7 21. Re1 Bb7 22. Qe2 c5 23. Nb5 Nf6 24. Bxb7 Qxd2 25. Bf3 Qg5 26. Rd1 Rxd1+ 27. Qxd1 Kh7 28. Nd6 Nd7 29. Nxf7 Qe7 30. Nd6 Ne5 31. Be4 Qd7 32. Bd5 Qh3 33. f3 Bf8 34. Ne4 c4 35. Qe2 Qf5 36. Kg2 Nd3 37. Bxc4 Nc5 38. Nf2 Nxa4 39. Bd3 Qf7 40. h4 Nc5 41. Bc2 h5 42. Qe5 Kg8 43. Nh3 Qe7 44. Qd5+ Qf7 45. Qc6 Qe6 46. Qxe6+ Nxe6 47. Bb3 1-0